Map: Dusk Towers

Players

AlexUA

  • Race: Terran Terran
  • League: Master

Miszu - Winner!

  • Race: Terran Terran
  • League: Master

VOD

Have the link to the VOD?

Description

Time

  • Played on: April 19, 2016, 4:40 p.m.
  • Length: 2:52
Show
View Real Time Build Order
Export as new Build Order

AlexUA Terran 

Build Orders:  

Get SALT Encoding   

  12  0:01  SCV  
  13  0:13  SCV  
  14  0:17  Supply Depot  
  14  0:25  SCV  
  15  0:39  SCV  
  15  0:42  Barracks  
  16  0:51  SCV  
  17  1:03  SCV  
  18  1:13  Command Center  
  18  1:16  SCV  
  19  1:28  Orbital Command  
  19  1:30  Marine  
  20  1:36  Supply Depot  
  20  1:45  Barracks  
  20  1:48  Marine  
  20  1:54  SCV  
  22  2:06  Marine  
  22  2:07  SCV  
  23  2:09  Bunker  
  23  2:19  SCV  
  22  2:23  Marine  
  19  2:32  SCV  
Show
View Real Time Build Order
Export as new Build Order

Miszu Terran - Winner!

Build Orders:  

Get SALT Encoding   

  12  0:00  SCV  
  13  0:12  SCV  
  14  0:23  Supply Depot  
  14  0:26  SCV  
  15  0:46  Barracks  
  15  0:52  Barracks  
  15  1:05  Barracks  
  15  1:33  Marine  
  15  1:34  Barracks  
  15  1:39  Supply Depot, Marine  
  17  1:50  Marine  
  17  1:52  Marine  
  19  1:57  Marine  
  20  2:08  Marine  
  20  2:10  Marine  
  22  2:19  Marine  
Tags
 
Add a new tag
Caveats
  • Supply blocks, unpowered buildings, or Contaminate may cause inaccurate times.
  • Supply counts are checked every 10 seconds.